 Dungeon Sprint DCSS version 0.24.1-5-g77f818bfca (webtiles) character file.

Game seed: 17897734078507545274, levelgen mode: deterministic

623 Doot the Imperceptible (level 7, 0/39 HPs)
             Began as a Vampire Gladiator on Apr 26, 2020.
             Was a Believer of Dithmenos.
             Slain by a centaur warrior (8 damage)
             ... in the Dungeon (Sprint IX: "|||||||||||||||||||||||||||||").
             The game lasted 00:01:56 (727 turns).

Doot the Imperceptible (Vampire Gladiator)           Turns: 727, Time: 00:01:57

Health: 0/39       AC: 11    Str: 13    XL:     7   Next: 22%
Magic:  7/7        EV: 11    Int: 10    God:    Dithmenos [**....]
Gold:   0          SH:  0    Dex: 21    Spells: 6/6 levels left

rFire    . . .     SeeInvis +   o - +2 rapier (speed)
rCold    + + .     Gourm    .   (no shield)
rNeg     + + +     Faith    .   q - +1 scale mail
rPois    ∞         Spirit   .   c - +0 helmet
rElec    .         Reflect  .   (no cloak)
rCorr    .         Harm     .   p - +0 pair of gloves
MR       .....     NoTele   +   (no boots)
Stlth    ++++++++++             (no amulet)
HPRegen  0.00/turn              r - +3 ring of dexterity
MPRegen  0.10/turn              s - +2 ring of protection

@: bloodless, wreathed by umbra
A: no food, fangs 3, see invisible, unbreathing
a: Bat Form, Revivify, Shadow Step, Renounce Religion


You were in the Dungeon.
You worshipped Dithmenos.
Dithmenos was pleased with you.
You were bloodless.

You visited 1 branch

Inventory:

Hand Weapons
 a - a +0 rapier
 o - a +2 rapier of speed (weapon)
Missiles
 d - 2 throwing nets (quivered)
Armour
 b - a +0 leather armour
 c - a +0 helmet (worn)
 p - a +0 pair of gloves (worn)
 q - a +1 scale mail (worn)
Jewellery
 r - a +3 ring of dexterity (left hand)
 s - a +2 ring of protection (right hand)
Wands
 n - a wand of iceblast (10)
Scrolls
 j - 2 scrolls of blinking
 l - 3 scrolls of remove curse
 m - 2 scrolls of amnesia
Potions
 e - 5 potions of curing
 f - 3 potions of heal wounds
 g - a potion of haste
 h - 4 potions of magic
 i - a potion of berserk rage
 k - a potion of invisibility


   Skills:
 - Level 1.7 Fighting
 - Level 3.2 Short Blades
 - Level 1.5 Throwing
 - Level 3.2 Dodging
 + Level 21.3 Stealth


You had 6 spell levels left.
You didn't know any spells.
Your spell library was empty.

Dungeon Overview and Level Annotations

Branches:
Dungeon (1/1)

Altars:
Cheibriados
Dithmenos
Elyvilon
Fedhas
Gozag
Hepliaklqana
Kikubaaqudgha
Makhleb
Nemelex Xobeh
Okawaru
Qazlal
Ru
Sif Muna
Trog
Uskayaw
Vehumet
Wu Jian
Xom
Yredelemnul
Zin
The Shining One
Beogh
Jiyva
Lugonu


Innate Abilities, Weirdness & Mutations

You do not eat.
You do not regenerate when monsters are visible.
You are frail without blood (-20% HP).
You can heal yourself when you bite living creatures.
You are immune to poison.
You have razor-sharp teeth.
You have supernaturally acute eyesight. (SInv)
You can survive without breathing.


Message History

You hit the centaur warrior.
The centaur warrior is almost dead.
The centaur warrior closely misses you.
You barely miss the centaur warrior.
The centaur warrior is almost dead.
The centaur warrior hits you but does no damage.
Your scale mail prevents you from hitting the centaur warrior.
The centaur warrior is almost dead.
The centaur warrior hits you but does no damage.
You hit the centaur warrior but do no damage.
The centaur warrior is almost dead.
The centaur warrior hits you.
* * * LOW HITPOINT WARNING * * *
You hit the centaur warrior. Your bite misses the centaur warrior.
The centaur warrior is almost dead.
The centaur warrior hits you but does no damage.
You hit the centaur warrior. Your bite misses the centaur warrior.
The centaur warrior is almost dead.
The centaur warrior hits you!
You die... ▓▓▓▓▓▓▓▓▓▓▓▓▓▓▓▓▓▓▓▓▓▓▓ +.FoZc@'.....))...[.)|. ▓▓▓▓▓▓▓▓▓▓▓▓▓▓▓▓▓▓▓▓▓▓▓

You could see a centaur warrior, an orc warrior, a bullfrog and a leopard gecko skeleton.

Vanquished Creatures
  A hippogriff (D)
  An ice beast (D)
  2 ogres (D)
  2 scorpions (D)
  An orc wizard (D)
  An iguana (D)
  A worker ant (D)
  A dart slug (D)
  2 orcs (D)
  A bat skeleton (D)
  A goblin (D)
  A hobgoblin (D)
  A kobold (D)
  A giant cockroach zombie (D)
  A rat (D)
18 creatures vanquished.

Vanquished Creatures (others)
  A spatial maelstrom (D)
1 creature vanquished.

Grand Total: 19 creatures vanquished

Notes
Turn   | Place    | Note
-------+----------+-------------------------------------------
     0 | D        | Doot the Vampire Gladiator began the quest for the Orb.
     0 | D        | Reached XP level 1. HP: 16/16 MP: 1/1
     5 | D        | Reached skill level 2 in Stealth
     6 | D        | Reached skill level 3 in Stealth
    12 | D        | Reached skill level 4 in Stealth
    16 | D        | Reached skill level 5 in Stealth
    16 | D        | Banished a spatial maelstrom
    19 | D        | Reached skill level 6 in Stealth
    52 | D        | Noticed a worker ant
    52 | D        | Noticed an iguana
    52 | D        | Noticed a scorpion
    52 | D        | Noticed an ogre
    55 | D        | Killed an ogre
    55 | D        | Reached skill level 12 in Stealth
    55 | D        | Reached XP level 2. HP: 17/22 MP: 2/2
    55 | D        | Reached XP level 3. HP: 21/27 MP: 3/3
    55 | D        | Reached XP level 4. HP: 26/33 MP: 4/4
    71 | D        | Reached skill level 14 in Stealth
    71 | D        | Reached XP level 5. HP: 27/38 MP: 5/5
    79 | D        | Reached skill level 15 in Stealth
   194 | D        | Reached skill level 16 in Stealth
   358 | D        | Found a roughly hewn altar of Beogh.
   358 | D        | Found a snail-covered altar of Cheibriados.
   358 | D        | Found a shadowy altar of Dithmenos.
   358 | D        | Found a white marble altar of Elyvilon.
   358 | D        | Found a blossoming altar of Fedhas.
   358 | D        | Found an opulent altar of Gozag.
   359 | D        | Found a hazy altar of Hepliaklqana.
   360 | D        | Found a viscous altar of Jiyva.
   361 | D        | Found an ancient bone altar of Kikubaaqudgha.
   362 | D        | Found a corrupted altar of Lugonu.
   363 | D        | Became a worshipper of Dithmenos the Shadowed
   364 | D        | Found a burning altar of Makhleb.
   365 | D        | Found a sparkling altar of Nemelex Xobeh.
   366 | D        | Found an iron altar of Okawaru.
   367 | D        | Found a stormy altar of Qazlal.
   368 | D        | Found a sacrificial altar of Ru.
   369 | D        | Found a shimmering blue altar of Sif Muna.
   370 | D        | Found a bloodstained altar of Trog.
   371 | D        | Found a hide-covered altar of Uskayaw.
   372 | D        | Found a radiant altar of Vehumet.
   373 | D        | Found an ornate altar of the Wu Jian Council.
   374 | D        | Found a shimmering altar of Xom.
   375 | D        | Found a basalt altar of Yredelemnul.
   376 | D        | Found a glowing silver altar of Zin.
   377 | D        | Found a glowing golden altar of the Shining One.
   424 | D        | Noticed a hippogriff
   424 | D        | Noticed an ogre
   428 | D        | Reached skill level 17 in Stealth
   430 | D        | Killed an ogre
   430 | D        | Reached skill level 18 in Stealth
   430 | D        | Reached XP level 6. HP: 35/35 MP: 6/6
   436 | D        | Reached * piety under Dithmenos
   448 | D        | Killed a hippogriff
   448 | D        | Reached skill level 20 in Stealth
   450 | D        | Reached ** piety under Dithmenos
   450 | D        | Reached XP level 7. HP: 20/39 MP: 7/7
   595 | D        | Noticed a centaur warrior
   647 | D        | Reached skill level 21 in Stealth
   727 | D        | Slain by a centaur warrior

Levels and vault maps discovered:
D:        linesprint [early_d, line_temple, items_1, d_10, items_2, lair_1,
          lair_end, items_3, orc_1, orc_end, items_4, d_15, swamp_1, shoals_1,
          snake_1, spider_1, d_20, vaults_1, items_5, swamp_end, shoals_end,
          snake_end, spider_end, vaults_end, d_27, items_6, zot_1, zot_end,
          crypt_end, forest_end, elf_end, slime_end, tomb_end, abyss_end,
          pan_hell_end]

Skill      XL: |  1  2  3  4  5  6  7 |
---------------+----------------------+-----
Stealth        | 12 14 18 20 21 | 21.3
Fighting       | |  1.7
Short Blades   | |  3.2
Throwing       | |  1.5
Dodging        | |  3.2

Action                   |  1- 3 |  4- 6 |  7- 9 || total
-------------------------+-------+-------+-------++-------
Melee: Rapier            |    17 |    49 |    30 ||    96
       Bite              |     3 |     7 |     3 ||    13
Throw: Throwing net      |       |     4 |     2 ||     6
 Abil: Exsanguinate      |       |     1 |       ||     1
 Stab: Sleeping          |     1 |       |       ||     1
       Held in net/web   |       |     3 |     1 ||     4
Armor: Leather armour    |     2 |     5 |       ||     7
       Scale mail        |       |     3 |     8 ||    11
Dodge: Dodged            |     5 |    22 |    12 ||    39
